 Dungeon Crawl Stone Soup version 0.30-a0-996-ga6910c8ee8 (webtiles) character file.

Game seed: 10706764093743834738

141 arthad the Digger (level 5, -10/29 HPs)
             Began as a Gargoyle Earth Elementalist on Apr 5, 2023.
             Killed by divine providence
             ... invoked by an orc priest
              (17 damage)
             ... on level 3 of the Dungeon.
             The game lasted 00:05:16 (2686 turns).

arthad the Digger (Gargoyle Earth Elementalist)     Turns: 2686, Time: 00:05:17

Health: -10/29     AC:  9    Str: 11    XL:     5   Next: 24%
Magic:  6/9        EV: 12    Int: 18    God:
Gold:   127        SH:  0    Dex: 10    Spells: 9/10 levels left

rFire   . . .      SeeInvis .    l - +1 dagger (venom)
rCold   . . .      Faith    .    (no shield)
rNeg    + . .      Spirit   .    a - +0 robe
rPois   ∞          Reflect  .    k - +0 helmet
rElec   +          Rampage  .    (no cloak)
rCorr   .                        f - +0 pair of gloves
Will    .....                    s - +0 pair of boots
Stlth   ++                       (no amulet)
HPRegen 0.24/turn                (no ring)
MPRegen 0.11/turn                (no ring)

@: no status effects
A: sickness immunity, AC +4, negative energy resistance 1, electricity
resistance, torment resistance 1, petrification resistance
a: no special abilities


You were on level 3 of the Dungeon.
You visited 1 branch of the dungeon, and saw 3 of its levels.

You collected 127 gold pieces.

Inventory:

Hand Weapons
 l - a +1 dagger of venom (weapon)
Armour
 a - a +0 robe (worn)
 f - a +0 pair of gloves (worn)
 k - a +0 helmet (worn)
 s - a +0 pair of boots (worn)
Jewellery
 d - a ring of fire
 e - a ring of poison resistance
Scrolls
 c - 5 scrolls of identify {unknown}
 g - a scroll of fog {unknown}
 h - a scroll of blinking {unknown}
 i - a scroll of amnesia {unknown}
 j - a scroll of teleportation {unknown}
 n - a scroll of immolation {unknown}
 q - a scroll of fear {unknown}
Potions
 b - a potion of magic
 m - a potion of ambrosia {unknown}
 o - a potion of berserk rage {unknown}
 p - a potion of haste {unknown}
 r - a potion of resistance {unknown}
 t - a potion of degeneration {unknown}
 u - a potion of brilliance {unknown}


   Skills:
 + Level 1.5 Fighting
 + Level 2.1 Dodging
 + Level 3.0 Stealth
 * Level 3.1 Spellcasting
 - Level 0.7 Transmutations
 * Level 4.7 Earth Magic


You had 9 spell levels left.
You knew the following spells:

 Your Spells              Type           Power      Damage    Failure   Level
a - Sandblast             Erth           40%        2d10      2%          1

Your spell library contained the following spells:

 Spells                   Type           Power      Damage    Failure   Level
 Passwall                 Tmut/Erth      10%        N/A       8%          2
 Stone Arrow              Conj/Erth      22%        3d8       19%         3
 Petrify                  Tmut/Erth      12%        N/A       45%         4


Dungeon Overview and Level Annotations

Branches:
Dungeon (3/15)

Altars:


Innate Abilities, Weirdness & Mutations

You are immune to sickness and miasma.
Your stone body is resilient. (AC +4)
You are immune to poison.
You resist negative energy. (rN+)
You are resistant to electric shocks. (rElec)
You are resistant to unholy torment.
You are immune to petrification.


Message History

The orc priest calls down the wrath of Beogh upon you.
Beogh smites you!
The orc throws a boomerang.
The boomerang hits you.
The orc wizard attacks as you move away!
The orc wizard hits you but does no damage.
The orc wizard points at you and mumbles some strange words.
You are confused.
The orc wizard casts a spell at you. The magic dart hits you.
You're too confused to cast spells.
You bump into the rock wall.
You miss the orc wizard.
The orc wizard hits you but does no damage.
You bump into the rock wall.
The orc wizard hits you but does no damage.
You bump into the stone wall.
The orc wizard barely misses you.
You hit the orc wizard but do no damage.
The orc wizard is poisoned.
You feel less confused. The orc wizard casts a spell at you.
The puff of flame hits you!
* * * LOW HITPOINT WARNING * * *
Aiming: Sandblast (safe; 2% risk of failure)
Press: ? - help, Q - select action Shift-Dir - straight line, f/p - orc wizard
Aim: an orc wizard, wielding a +0 dagger and wearing a +0 robe (lightly wounded, poisoned, 79% to hit)
The blast of sand misses the orc wizard.
The blast of sand hits the orc wizard.
The orc wizard is lightly wounded.
The orc wizard hits you but does no damage.
The orc wizard barely misses you.
Aiming: Sandblast (safe; 2% risk of failure)
Press: ? - help, Q - select action Shift-Dir - straight line, f/p - orc wizard
Aim: an orc wizard, wielding a +0 dagger and wearing a +0 robe (moderately wounded, poisoned, 79% to hit)
The blast of sand hits the orc wizard!
The orc wizard is almost dead.
The orc wizard barely misses you.
The orc priest invokes the aid of Beogh against you.
Beogh smites you!
Ouch! That really hurt!
You die...

.. ...##..#.#
...#...........#.#
.......##..###.#.##
..o...............
...o...............
.o.#............[..
.................
.#########oo............
.......@ooo#............
.########o........####.#
#)######### #.# ...# #..
##### ###


You could see an orc priest, 2 orc wizards and 3 orcs.

Vanquished Creatures
  Robin (D:2)
  5 adders (D:2)
  3 dart slugs (D:2)
  6 ball pythons
  6 endoplasms
  A giant cockroach (D:1)
  8 hobgoblins
  5 quokkas (D:2)
  6 bats
  5 frilled lizards
  15 goblins
  7 kobolds
  8 rats
76 creatures vanquished.

Vanquished Creatures (others)
  3 withered plants (D:1)
3 creatures vanquished.

Grand Total: 79 creatures vanquished

Notes
Turn   | Place    | Note
-------+----------+-------------------------------------------
     0 | D:1      | arthad the Gargoyle Earth Elementalist began the quest for
                  | the Orb.
     0 | D:1      | Reached XP level 1. HP: 10/10 MP: 3/3
   311 | D:1      | Found a faded altar of an unknown god.
   316 | D:1      | Reached XP level 2. HP: 15/15 MP: 1/5
   613 | D:1      | Reached skill level 4 in Earth Magic
   826 | D:1      | Reached XP level 3. HP: 20/20 MP: 2/6
  1421 | D:2      | Noticed Robin
  1440 | D:2      | Killed Robin
  1482 | D:2      | Reached skill level 1 in Fighting
  1565 | D:2      | Reached XP level 4. HP: 25/25 MP: 6/8
  2363 | D:2      | Reached XP level 5. HP: 29/29 MP: 4/9
  2686 | D:3      | Killed from afar by an orc priest

Illustrated notes

Levels and vault maps discovered:
D:1:      erik_arrival_orb_chamber, layout_basic,
          ebering_ecumenical_altar_petrified, serial_aquarium,
          aquarium_bridge_long_separate [aquarium_subvault_bridge,
          aquarium_subvault_window, aquarium_subvault_bridge,
          aquarium_subvault_wall, aquarium_subvault_bridge,
          aquarium_subvault_window], aquarium_bridge_square
          [aquarium_subvault_wall, aquarium_subvault_wall,
          aquarium_subvault_bridge, aquarium_subvault_window],
          aquarium_window_corridor_2, aquarium_window_1, aquarium_window_fake,
          aquarium_window_corner, aquarium_view_4, aquarium_view_2c,
          skrybe_limestone_x
D:2:      layout_loops_corners, minmay_joined_circles, uniq_robin
D:3:      cheibrodos_pilgrimage, layout_rooms, kennysheep_nub, uniq_terence

Skill      XL: |  1  2  3  4  5 |
---------------+----------------+-----
Earth Magic    | 4 |  4.7
Dodging        | 2 |  2.1
Fighting       | 1 |  1.5
Spellcasting   | 3 |  3.1
Stealth        | 3 |  3.0
Transmutations | |  0.7

Action                     |  1- 3 |  4- 6 || total
---------------------------+-------+-------++-------
  Melee: Unarmed           |    36 |       ||    36
         Dagger            |       |     7 ||     7
   Cast: Sandblast         |    50 |    49 ||    99
 Armour: Robe              |    14 |    17 ||    31
  Dodge: Dodged            |    28 |    23 ||    51

Table legend: (Time is in decaauts)
 A = Elapsed time spent in this place.
 B = Non-inter-level travel time spent in this place.
 C = Inter-level travel time spent in this place.
 D = Time resting spent in this place.
 E = Time spent auto-exploring this place.
 F = Levels seen in this place.
 G = Mean time per level.
                   A        B        C        D        E       F      G
               +--------+--------+--------+--------+--------+-----+--------+
         Total |   2734 |   2645 |     89 |      5 |   2227 |   3 |  911.3 |
       Dungeon |   2734 |   2645 |     89 |      5 |   2227 |   3 |  911.3 |
               +--------+--------+--------+--------+--------+-----+--------+

Top non-repeatable levels by time:
     D:2: 1421 daAuts
     D:1: 1177 daAuts
     D:3: 134 daAuts
